 Dungeon Crawl Stone Soup version 0.28.0-53-g5a82cb258f (webtiles) character file.

Game seed: 4468899913929670624

11 cbfl8 the Chopper (level 2, 0/40 HPs)
             Began as a Minotaur Berserker on Aug 17, 2022.
             Was a Follower of Trog.
             Hit by a goblin thrown by Robin (1 damage)
             ... on level 2 of the Dungeon on Aug 20, 2022.
             The game lasted 00:02:01 (671 turns).

cbfl8 the Chopper (Minotaur Berserker)               Turns: 671, Time: 00:02:01

Health: 0/40       AC:  2    Str: 21    XL:     2   Next: 13%
Magic:  1/1        EV: 12    Int:  4    God:    Trog [*.....]
Gold:   45         SH:  0    Dex:  9    Spells: 1/1 levels left

rFire   . . .      SeeInvis .   a - +0 hand axe
rCold   . . .      Faith    .   (no shield)
rNeg    . . .      Spirit   .   b - +0 animal skin
rPois   .          Reflect  .   g - +0 hat
rElec   .          Harm     .   (no cloak)
rCorr   .          Rampage  .   (no gloves)
Will    .....                   (no boots)
Stlth   ..........              (no amulet)
HPRegen 0.13/turn               (no ring)
MPRegen 0.07/turn               (no ring)

@: berserking, very quick
A: horns 2, retaliatory headbutt
a: Renounce Religion, Berserk


You were on level 2 of the Dungeon.
You worshipped Trog.
Trog was aware of your devotion.
You visited 1 branch of the dungeon, and saw 2 of its levels.

You collected 45 gold pieces.

Inventory:

Hand Weapons
 a - a +0 hand axe (weapon)
Armour
 b - a +0 animal skin (worn)
 g - a +0 hat (worn)
Scrolls
 d - a scroll of immolation {unknown}
 e - a scroll of summoning {unknown}
Potions
 c - 2 potions of flight {unknown}
 f - a potion of degeneration {unknown}


   Skills:
 + Level 3.9 Fighting
 + Level 4.0 Axes
 + Level 2.5 Armour
 + Level 2.3 Dodging


You had one spell level left.
You didn't know any spells.
Your spell library was empty.

Dungeon Overview and Level Annotations

Branches:
Dungeon (2/15)

Altars:

Annotations:
D:2 Robin


Innate Abilities, Weirdness & Mutations

You have a pair of horns on your head.
You reflexively headbutt those who attack you in melee.


Message History

You start resting.
A hobgoblin comes into view.
A hobgoblin is nearby!
A hobgoblin is nearby!
Robin of the Strong Arm comes into view.
They are wielding a +0 mace.
You see here a +2 dagger of freezing.
You hit the hobgoblin.
The hobgoblin is severely wounded.
The hobgoblin hits you.
Robin roars a battlecry!
The hobgoblin goes into a battle-frenzy!
The hobgoblin hits you.
You hit the hobgoblin.
You kill the hobgoblin!
Trog accepts your kill.
You fail to use your ability.
Robin hits you but does no damage.
A goblin comes into view. It is wielding a +0 club.
You closely miss Robin. You headbutt Robin.
Robin is moderately wounded.
Robin barely misses you.
You hit Robin but do no damage.
Robin is moderately wounded.
Robin hits you with a +0 mace.
* * * LOW HITPOINT WARNING * * *
A goblin comes into view. It is wielding a +0 club.
A red film seems to cover your vision as you go berserk!
You feel yourself moving faster!
You feel mighty! Robin throws the goblin at you!
The goblin hits you with a +0 club.
* * * LOW HITPOINT WARNING * * *
You barely miss Robin.
Robin is moderately wounded.
You hit the goblin.
You kill the goblin!
Trog accepts your kill. Robin hits you with a +0 mace.
* * * LOW HITPOINT WARNING * * *
You slash Robin!
Robin is almost dead.
Robin throws the goblin at you!
You die...

#### ...
###.#####
#######@g.....#
......g.).###.#
..............#
.........######
#######.#.......
#..............
#.####.#.######
####.#.#
#<...#.#


You could see Robin and a goblin.

Vanquished Creatures
  3 goblins (D:2)
  3 hobgoblins
  A quokka (D:1)
  A ball python (D:1)
  A bat (D:1)
9 creatures vanquished.

Notes
Turn   | Place    | Note
-------+----------+-------------------------------------------
     0 | D:1      | cbfl8 the Minotaur Berserker began the quest for the Orb.
     0 | D:1      | Reached XP level 1. HP: 19/19 MP: 0/0
   661 | D:2      | Reached skill level 4 in Axes
   661 | D:2      | Reached XP level 2. HP: 12/27 MP: 1/1
   662 | D:2      | Noticed Robin
   670 | D:2      | HP: 1/40 [Robin/+0 mace (2)]
   671 | D:2      | Hit by a goblin thrown by Robin

Illustrated notes

Levels and vault maps discovered:
D:1:      ncdulo_watergridlock, layout_rooms
D:2:      layout_basic, dreamdust_ecumenical_altar_angels_and_demons,
          corner_web_ring, uniq_robin, uniq_crazy_yiuf_cottage

Skill      XL: |  1 |
---------------+----+-----
Axes           | 4 |  4.0
Fighting       | |  3.9
Armour         | |  2.5
Dodging        | |  2.3

Action                   || total
-------------------------++-------
Melee: Hand axe          ||    24
       Headbutt          ||     3
Invok: Berserk           ||     1
Armor: Animal skin       ||     6
Dodge: Dodged            ||    14
